 Dungeon Crawl Stone Soup version 0.20-a0-1086-g4bd2f5b (webtiles) character file.

106 Monsterracer the Grave Robber (level 4, 0/33 HPs)
             Began as a Ghoul Necromancer on May 1, 2017.
             Slain by a water moccasin (1 damage)
             ... on level 3 of the Dungeon.
             The game lasted 00:10:51 (2368 turns).

Monsterracer the Grave Robber (Ghoul Necromancer)   Turns: 2368, Time: 00:10:52

Health: 0/33       AC:  3    Str: 11    XL:     4   Next: 84%
Magic:  0/6        EV: 12    Int: 11    God:
Gold:   77         SH:  0    Dex:  9    Spells: 2/7 levels left

rFire    + . .     SeeInvis .     - Unarmed
rCold    + + .     Gourm    .   (no shield)
rNeg     + + +     Faith    .   a - +0 robe
rPois    ∞         Spirit   .   (no helmet)
rElec    +         Reflect  .   (no cloak)
rCorr    +         Harm     .   i - +0 pair of gloves
MR       .....                  (no boots)
Stlth    ++........             (no amulet)
Regen    0.0/turn               (no ring)
MPRegen  0.1/turn               (no ring)

@: resistant, very slightly contaminated, rotting
A: rotting body, claws 1, carnivore 3, cold resistance 1, negative energy
resistance 3, inhibited regeneration, torment resistance, unbreathing
a: no special abilities


You were on level 3 of the Dungeon.
You were not hungry.

You visited 1 branch of the dungeon, and saw 3 of its levels.

You collected 77 gold pieces.

Inventory:

Armour
 a - a +0 robe (worn)
 i - a +0 pair of gloves (worn)
Jewellery
 j - an uncursed ring of ice {unknown}
Scrolls
 d - a scroll of remove curse {unknown}
 f - 2 scrolls of teleportation {unknown}
 g - a scroll of recharging {unknown}
 h - a scroll of identify {unknown}
Books
 b - a book of Necromancy

   Spells                             Type                      Level
   a - Pain                           Necromancy                   1
   b - Animate Skeleton               Necromancy                   1
   c - Vampiric Draining              Necromancy                   3
   d - Regeneration                   Charms/Necromancy            3
   e - Animate Dead                   Necromancy                   4
   f - Control Undead                 Necromancy                   4
Comestibles
 c - a meat ration
 k - 8 chunks of flesh


   Skills:
 - Level 2.0 Dodging
 - Level 2.1 Stealth
 * Level 3.1 Unarmed Combat
 - Level 2.0 Spellcasting
 * Level 4.8 Necromancy


You had 2 spell levels left.
You knew the following spells:

 Your Spells              Type           Power        Failure   Level  Hunger
a - Pain                  Necr           ##..         4%          1    ##.....
b - Animate Skeleton      Necr           N/A          4%          1    ##.....
c - Vampiric Draining     Necr           ##........   12%         3    ####...


Dungeon Overview and Level Annotations

Branches:
Dungeon (3/15)

Altars:
Dithmenos
Elyvilon
Okawaru


Innate Abilities, Weirdness & Mutations

Your body is rotting away.
You thrive on raw meat.
You are immune to poison.
You have sharp fingernails.
You are carnivorous and can eat meat at any time.
Your flesh is cold resistant. (rC+)
You are immune to negative energy. (rN+++)
You do not regenerate when monsters are visible.
You are immune to unholy pain and torment.
You can survive without breathing.


Message History

Nothing appears to happen.
The water moccasin misses you. The water moccasin bites you.
Casting: Vampiric Draining
Confirm with . or Enter, or press ? or * to list all spells.
Aiming: Vampiric Draining
Press: ? - help, Shift-Dir - straight line, f/p - water moccasin
Aim: a water moccasin The water moccasin is moderately wounded.
You feel life coursing into your body. The water moccasin bites you!
* * * LOW HITPOINT WARNING * * *
Things that are here:
a dagger; a club; a goblin skeleton
Press: ? - help, v - describe, . - travel A rock wall.
The water moccasin bites you.
* * * LOW HITPOINT WARNING * * *
A quokka comes into view.
You feel protected. The water moccasin bites you.
You die...

...........###
#####.#.##.###
#.........#
#####..#.##...#
#.....g#...)..# .#
....###)######.##.#
... #g##<#....#.#
.. #S##)#.##.#.#
#.@).#......#
#...........#
#...........#
#.......r...#
#...........#
######.....>#
#.....## #.....#
#.....#


You could see a water moccasin, a quokka (wandering), a hobgoblin (wandering)
and a goblin.

Vanquished Creatures
  Robin (D:3)
  3 adders
  2 worms (D:2)
  2 dart slugs
  2 leopard geckos
  4 bats
  5 giant cockroaches
  11 goblins
  7 hobgoblins
  2 jackals (D:1)
  4 kobolds
  A quokka (D:2)
  3 frilled lizards
  7 rats
54 creatures vanquished.

Notes
Turn   | Place    | Note
-------+----------+-------------------------------------------
     0 | D:1      | Monsterracer the Ghoul Necromancer began the quest for the Orb.
     0 | D:1      | Reached XP level 1. HP: 14/14 MP: 2/2
   183 | D:1      | Reached skill level 1 in Unarmed Combat
   183 | D:1      | Reached XP level 2. HP: 20/20 MP: 0/3
   810 | D:1      | Reached XP level 3. HP: 26/26 MP: 3/5
   834 | D:1      | Learned a level 1 spell: Animate Skeleton
   838 | D:1      | Learned a level 3 spell: Vampiric Draining
  1051 | D:2      | Found a shadowy altar of Dithmenos.
  1440 | D:2      | Found an iron altar of Okawaru.
  1456 | D:2      | Found a white marble altar of Elyvilon.
  1700 | D:2      | Reached XP level 4. HP: 32/32 MP: 3/6
  2263 | D:3      | Noticed Robin
  2327 | D:3      | Killed Robin
  2356 | D:3      | Noticed a water moccasin
  2367 | D:3      | HP: 1/33 [water moccasin (6)]
  2368 | D:3      | Slain by a water moccasin

Vault maps used:
D:1:      dpeg_arrival_rhombi, kennysheep_boxes
D:2:      nicolae_overflow_crystal_walls, elyvilon_altar_5,
          grunt_dithmenos_smoke, first_bread, minmay_pentomino_t2
D:3:      vehumet_crystals, uniq_jessica, uniq_robin

Skill      XL: |  1  2  3  4 |
---------------+-------------+-----
Unarmed Combat | 1 2 3 |  3.1
Spellcasting   | 2 |  2.0
Dodging        | 2 |  2.0
Stealth        | |  2.1
Necromancy     | |  4.8

Action                   |  1- 3 |  4- 6 || total
-------------------------+-------+-------++-------
Melee: Unarmed           |    42 |    75 ||   117
 Cast: Pain              |    71 |    11 ||    82
       Vampiric Draining |       |     3 ||     3
       Animate Skeleton  |       |     1 ||     1
  Use: Potion            |     7 |     2 ||     9
       Scroll            |       |     1 ||     1
  Eat: Chunk             |     8 |     4 ||    12
Armor: Robe              |    10 |     8 ||    18
Dodge: Dodged            |    34 |    43 ||    77
